Map: Kairos Junction LE

Players

puCK (Nina)

  • Race: Protoss Protoss
  • League: Grandmaster
  • Spawn Location: 11:00

TIME (Oliveira) - Winner!

  • Race: Terran Terran
  • Spawn Location: 5:00

Event: 2019 WCS Winter Americas

VOD

Have the link to the VOD?

Description

Time

  • Played on: March 24, 2019, 2:10 p.m.
  • Length: 11:55

All games in this series

Show
View Real Time Build Order
Export as new Build Order

puCK Protoss 

Build Orders: 1 Gate Expand, Phoenix Opening, Dark Templar Rush 

Get SALT Encoding   

  12  0:00  Probe  
  13  0:13  Probe  
  14  0:17  Pylon  
  14  0:25  Probe  
  15  0:35  Gateway  
  15  0:36  Probe  
  16  0:44  Probe  
  17  0:51  Assimilator  
  17  0:53  Probe  
  18  1:05  Probe  
  19  1:17  Probe  
  20  1:23  Cybernetics Core  
  21  1:36  Nexus  
  20  1:46  Probe, Pylon  
  21  1:50  Adept  
  21  1:55  Assimilator  
  23  2:02  Warp Gate  
  23  2:05  Probe  
  24  2:17  Probe  
  24  2:18  Sentry  
  25  2:29  Probe  
  28  2:41  Probe  
  27  2:45  Stalker  
  27  2:49  Probe  
  27  2:54  Probe  
  30  3:00  Twilight Council  
  30  3:01  Probe  
  31  3:06  Probe  
  31  3:13  Probe  
  31  3:18  Probe  
  31  3:19  Phoenix  
  33  3:25  Probe  
  34  3:30  Probe  
  33  3:34  Probe  
  33  3:38  Dark Shrine  
  34  3:41  Gateway  
  34  3:42  Probe x2  
  36  3:51  Gateway  
  36  3:52  Probe  
  36  3:54  Probe  
  38  4:00  Stalker  
  40  4:04  Probe  
  40  4:06  Probe  
  42  4:13  Pylon  
  42  4:16  Probe  
  43  4:17  Shield Battery  
  43  4:18  Probe  
  43  4:21  Blink  
  43  4:23  Pylon  
  44  4:28  Probe  
  44  4:30  Probe  
  46  4:32  Stalker  
  46  4:34  Pylon  
  48  4:40  Probe  
  49  4:46  Assimilator  
  49  4:49  Assimilator  
  49  4:50  Dark Templar  
  51  4:59  Dark Templar  
  53  5:01  Probe  
  53  5:03  Probe  
  54  5:12  Stalker  
  54  5:13  Probe  
  55  5:15  Probe  
  55  5:18  Gateway  
  55  5:20  Gateway  
  54  5:22  Gateway  
  54  5:26  Stalker  
  54  5:28  Phoenix, Pylon  
  56  5:31  Probe  
  56  5:32  Probe  
  58  5:36  Stalker  
  58  5:40  Stalker  
  62  5:49  Pylon x2  
  62  5:51  Stalker  
  64  5:59  Stalker  
  64  6:03  Pylon  
  66  6:05  Stalker  
  68  6:14  Stalker x2  
  68  6:18  Stalker x2  
  76  6:24  Stalker  
  78  6:30  Charge  
  76  6:37  Stalker x3  
  78  6:46  Probe  
  77  6:53  Forge  
  77  6:58  Robotics Facility  
  77  7:03  Probe  
  77  7:04  Stalker x3  
  77  7:07  Stalker  
  85  7:11  Stalker  
  85  7:12  Probe  
  88  7:16  Protoss Ground Weapons Level 1  
  88  7:21  Probe  
  89  7:23  Robotics Facility  
  89  7:25  Probe  
  90  7:32  Pylon  
  90  7:33  Zealot  
  92  7:39  Observer  
  89  7:55  Robotics Bay, Nexus  
  89  7:57  Probe  
  89  7:58  Pylon  
  90  8:01  Stalker x2, Observer  
  90  8:05  Probe  
  96  8:08  Immortal  
  100  8:21  Stalker x2  
  104  8:30  Stalker x2  
  104  8:33  Probe  
  109  8:34  Probe  
  110  8:49  Observer, Pylon  
  110  9:06  Colossus  
  110  9:09  Disruptor  
  116  9:16  Zealot x3  
  105  9:37  Stalker x2  
Show
View Real Time Build Order
Export as new Build Order

TIME Terran - Winner!

Build Orders: Reaper Expand 

Get SALT Encoding   

  12  0:00  SCV  
  13  0:13  SCV  
  14  0:17  Supply Depot  
  14  0:25  SCV  
  15  0:38  SCV  
  15  0:41  Barracks  
  16  0:44  Refinery  
  16  0:51  SCV  
  17  1:03  SCV  
  18  1:15  SCV  
  19  1:28  Reaper  
  19  1:29  Orbital Command  
  20  1:45  Command Center  
  20  1:54  Supply Depot  
  20  1:56  SCV  
  20  2:00  Marine  
  22  2:08  SCV  
  23  2:12  Factory  
  23  2:17  Refinery  
  23  2:20  SCV  
  24  2:26  Barracks Reactor  
  24  2:32  Barracks  
  24  2:33  SCV  
  25  2:49  SCV  
  25  2:53  Supply Depot  
  25  2:56  Factory Tech Lab  
  25  3:02  SCV  
  25  3:03  Marine x2  
  28  3:17  Cyclone  
  31  3:21  Barracks Tech Lab  
  31  3:22  SCV  
  31  3:23  Marine  
  32  3:27  Marine  
  32  3:34  SCV  
  32  3:35  Starport, Orbital Command  
  32  3:41  Marine  
  33  3:45  Stimpack, Marine  
  33  3:47  SCV  
  36  3:49  Marine  
  36  3:54  Refinery  
  37  3:59  SCV, Marine  
  37  4:00  SCV  
  40  4:11  SCV  
  40  4:12  SCV  
  42  4:18  Raven, Marine  
  42  4:22  Supply Depot  
  42  4:23  SCV, Marine  
  47  4:24  SCV  
  47  4:27  Barracks  
  47  4:29  Marine  
  49  4:34  Bunker  
  49  4:35  SCV  
  49  4:36  SCV  
  51  4:41  Engineering Bay  
  51  4:43  Marine  
  51  4:45  Factory Reactor  
  52  4:47  SCV  
  52  4:51  SCV  
  54  4:54  Supply Depot  
  54  4:55  Marine x2  
  54  4:59  SCV  
  57  5:03  SCV  
  58  5:10  Starport Reactor  
  58  5:12  SCV  
  58  5:14  Supply Depot  
  56  5:15  Terran Infantry Weapons Level 1, SCV  
  56  5:21  Missile Turret, Marine  
  57  5:24  SCV  
  57  5:26  Marine  
  57  5:27  Marauder  
  62  5:30  SCV  
  62  5:33  Marauder  
  65  5:36  Combat Shield  
  65  5:39  Marine  
  68  5:44  Marine, Widow Mine  
  68  5:46  Widow Mine  
  68  5:49  Medivac x2  
  75  5:53  Supply Depot  
  75  5:55  Marauder, Concussive Shells  
  77  5:57  SCV  
  78  6:08  Supply Depot  
  78  6:15  SCV x2, Widow Mine  
  78  6:17  Marauder x2  
  86  6:26  Medivac, Marine  
  86  6:28  SCV, Marine  
  86  6:29  Medivac  
  86  6:30  Widow Mine  
  86  6:31  Supply Depot  
  90  6:38  Command Center, Marine  
  90  6:39  Marauder  
  91  6:46  Marine  
  77  6:48  SCV  
  77  6:49  SCV  
  81  6:56  Marauder, Liberator  
  81  6:58  Refinery  
  81  6:59  Barracks  
  81  7:00  Barracks  
  81  7:03  Factory Tech Lab  
  81  7:04  SCV  
  81  7:06  SCV  
  81  7:07  Marauder, Marine x2  
  93  7:17  Marine, Supply Depot  
  93  7:19  SCV  
  93  7:21  SCV, Terran Infantry Armor Level 1  
  96  7:24  Siege Tank  
  96  7:26  Viking  
  96  7:28  Marine x2  
  96  7:29  Supply Depot  
  100  7:31  SCV  
  101  7:38  Missile Turret  
  101  7:39  Marauder  
  101  7:40  Marauder  
  103  7:44  SCV x2  
  103  7:45  Missile Turret  
  103  7:47  Marine x2  
  103  7:48  Barracks Reactor  
  105  7:51  Orbital Command  
  105  7:56  SCV x2  
  107  8:03  Siege Tank  
  107  8:04  Liberator  
  114  8:05  Marauder x2, Marine  
  114  8:06  Marine  
  114  8:08  SCV  
  116  8:16  SCV  
  116  8:17  SCV  
  118  8:20  SCV  
  118  8:21  Refinery, Medivac, Barracks Tech Lab  
  118  8:23  Refinery  
  118  8:24  Marine, Supply Depot  
  118  8:25  Marine  
  126  8:27  Marine  
  126  8:29  SCV  
  126  8:30  SCV  
  126  8:32  Marauder  
  133  8:34  Marauder  
  133  8:37  Supply Depot  
  133  8:43  SCV  
  133  8:45  SCV, Siege Tank  
  133  8:46  Supply Depot  
  133  8:48  SCV, Supply Depot  
  138  8:49  Marine  
  138  8:52  Marauder  
  141  8:58  Marine x2  
  141  8:59  Medivac  
  141  9:00  Supply Depot  
  141  9:02  SCV  
  146  9:07  Armory, Engineering Bay, Liberator  
  146  9:12  SCV  
  146  9:13  Supply Depot  
  146  9:16  Marauder x3  
  146  9:33  Marine  
  146  9:37  Siege Tank  
  146  9:38  Marauder  
  136  9:39  Medivac  
  136  9:41  SCV  
Tags
 
Add a new tag
Caveats
  • Supply blocks, unpowered buildings, or Contaminate may cause inaccurate times.
  • Supply counts are checked every 10 seconds.